 Dungeon Crawl Stone Soup version 0.15.2 (webtiles) character file.

2459 bwiles81 the Covert (level 9, -13/43 HPs)
             Began as a Spriggan Enchanter on Nov 14, 2014.
             Was a Follower of Kikubaaqudgha.
             Killed by an exploding giant spore (21 damage)
             ... on Level 8 of the Dungeon.
             The game lasted 00:27:28 (8164 turns).

bwiles81 the Covert (Spriggan Enchanter)            Turns: 8164, Time: 00:27:28

HP -13/43        AC  4     Str  4      XL: 9   Next: 26%
MP  26/26        EV 21     Int 22      God: Kikubaaqudgha [*.....]
Gold 348         SH  0     Dex 16      Spells:  3 memorised, 12 levels left

rFire  . . .     SeeInvis +     h - +4 dagger (freeze)
rCold  . . .     Clarity  .     b - +2 robe
rNeg   . . .     rCorr    .     (shield restricted)
rPois  .         rRot     .     (helmet restricted)
rElec  .         Spirit   .     (no cloak)
SustAb .         Warding  .     (gloves unavailable)
rMut   .         Stasis   .     (boots unavailable)
Gourm  .                        (no amulet)
MR     +....                    w - +2 ring of intelligence
                                v - ring of flight

@: confused, very slightly contaminated, very quick, somewhat resistant to
hostile enchantments, unstealthy
A: unfitting armour, see invisible, herbivore 3, speed 3, slow metabolism 2
a: Receive Corpses, Renounce Religion, Evoke Flight


You were on level 8 of the Dungeon.
You worshipped Kikubaaqudgha.
Kikubaaqudgha was aware of your devotion.
You were not hungry.

You visited 2 branches of the dungeon, and saw 9 of its levels.

You collected 348 gold pieces.

Inventory:

Hand weapons
 h - a +4 dagger of freezing (weapon)
 x - a cursed +4 dagger
Armour
 b - a +2 robe (worn)
Magical devices
 q - a wand of digging (13)
 r - a wand of enslavement (12) {unknown}
Comestibles
 n - 5 bread rations
 o - 2 royal jellies
Scrolls
 f - 5 scrolls of identify
 i - 2 scrolls of amnesia
 p - a scroll of enchant armour
 s - 3 scrolls of remove curse
Jewellery
 a - a +2 ring of protection
 j - an uncursed amulet of the gourmand
 v - a ring of flight (left hand)
 w - a +2 ring of intelligence (right hand)
Potions
 e - 4 potions of curing
 g - a potion of restore abilities
 m - 3 potions of heal wounds
Books
 c - a book of Maledictions

   Spells                             Type                      Level
   Corona                             Hexes                        1
   Sure Blade                         Hexes/Charms                 2
   Ensorcelled Hibernation            Hexes/Ice                    2
   *Confuse                           Hexes                        3
   Dazzling Spray                     Conjuration/Hexes            3
   Enslavement                        Hexes                        4
 d - a book of Dreams

   Spells                             Type                      Level
   Ensorcelled Hibernation            Hexes/Ice                    2
   Flight                             Charms/Air                   3
   Phase Shift                        Translocation                5
   Shadow Creatures                   Summoning                    5
   Mass Confusion                     Hexes                        6
   Darkness                           Hexes                        7
 t - Kikubaaqudgha's Reference Book on Unholy Secrets
   (Kikubaaqudgha gifted it to you on level 6 of the Dungeon)

   Spells                             Type                      Level
   *Animate Skeleton                  Necromancy                   1
   Corpse Rot                         Necromancy                   2
   Sublimation of Blood               Necromancy                   2
   *Vampiric Draining                 Necromancy                   3
   Control Undead                     Necromancy                   4


   Skills:
 + Level 2.6 Fighting
 * Level 6.4 Short Blades
 + Level 6.1 Dodging
 * Level 10.0 Stealth
 + Level 5.8 Spellcasting
 + Level 6.1 Hexes
 + Level 2.7 Necromancy
 + Level 5.0 Evocations


You had 12 spell levels left.
You knew the following spells:

 Your Spells              Type           Power        Failure   Level  Hunger
a - Animate Skeleton      Necr           N/A          3%          1    None
b - Confuse               Hex            ####....     1%          3    ##.....
c - Vampiric Draining     Necr           ###.......   12%         3    ##.....


Dungeon Overview and Level Annotations

Branches:
Dungeon (8/15)             Temple (1/1) D:5
   Lair: D:8-11

Altars:
Ashenzari
Cheibriados
Elyvilon
Fedhas
Kikubaaqudgha
Nemelex Xobeh
Qazlal
Sif Muna
Trog
Vehumet
Xom
Yredelemnul
The Shining One


Innate Abilities, Weirdness & Mutations

You are tiny and cannot use many weapons and most armour.
You have supernaturally acute eyesight.
You are a herbivore.
You cover ground extremely quickly.
You need consume almost no food.


Message History

You now have 348 gold pieces (gained 18).
The giant spore is too close now for your liking.
The giant spore waves its rhizomes.
The giant spore explodes!
The explosion of spores engulfs you!
You are confused.
Ouch! That really hurt!
* * * LOW HITPOINT WARNING * * *
You hear a shout!
Ouch! A giant spore comes into view.
The giant spore waves its rhizomes.
A ballistomycete grows in the wake of the giant spore.
Ouch! Ouch! The giant spore explodes!
A fungus suddenly grows.
The explosion of spores engulfs you!
You are more confused.
You die...
Kikubaaqudgha rasps: "You have failed me!
Welcome... death!"

#.# #.# #.# #.# #.#
#.# #§# #.#
####.###§###.########
.......§§§..§.......#
############.########
#.# #@# #P# #.# P.#
.### #. #


There were no monsters in sight!

Vanquished Creatures
  A spriggan (D:7)
  Eustachio (D:6)
  A hungry ghost (D:7)
  3 sky beasts (D:7)
  An orc warrior (D:7)
  An ogre (D:7)
  2 centaurs
  A crocodile (D:7)
  Sigmund (D:6)
  A giant frog (D:6)
  3 scorpions
  6 killer bees (D:5)
  A crimson imp (D:6)
  A goliath beetle (D:7)
  3 hounds
  A jelly (D:5)
  3 orc wizards
  An iguana (D:4)
  6 worker ants
  A mummy (D:7)
  9 adders
  8 gnolls
  A shadow imp (D:5)
  3 worms
  4 giant geckos
  2 oozes
  23 orcs
  11 bats
  5 giant cockroaches
  13 goblins
  6 hobgoblins
  2 jackals (D:4)
  A quokka (D:3)
  4 ball pythons
  9 giant newts
  A hobgoblin zombie (D:6)
  13 kobolds
  A kobold skeleton (D:4)
  11 rats
166 creatures vanquished.

Vanquished Creatures (others)
  A giant spore (D:8)
1 creature vanquished.

Grand Total: 167 creatures vanquished

Notes
Turn   | Place    | Note
--------------------------------------------------------------
     0 | D:1      | bwiles81, the Spriggan Enchanter, began the quest for the Orb.
     0 | D:1      | Reached XP level 1. HP: 9/9 MP: 4/4
   354 | D:1      | Reached XP level 2. HP: 11/13 MP: 8/8
   755 | D:1      | Reached skill level 5 in Stealth
  1062 | D:2      | Found a deep blue altar of Sif Muna.
  1097 | D:2      | Reached XP level 3. HP: 16/16 MP: 11/11
  1102 | D:2      | Learned a level 3 spell: Confuse
  1146 | D:2      | Found a sparkling altar of Nemelex Xobeh.
  1466 | D:2      | Found a sparkling altar of Nemelex Xobeh.
  2046 | D:3      | Reached XP level 4. HP: 21/21 MP: 2/14
  2387 | D:3      | Found a stormy altar of Qazlal.
  3229 | D:4      | Reached XP level 5. HP: 24/24 MP: 17/17
  3248 | D:4      | Reached skill level 6 in Stealth
  3508 | D:4      | HP: 1/24 [scorpion (5)]
  4278 | D:4      | Reached XP level 6. HP: 29/29 MP: 20/20
  4434 | D:4      | Reached skill level 1 in Evocations
  5026 | D:4      | Reached skill level 7 in Stealth
  5100 | D:5      | Entered Level 5 of the Dungeon
  5250 | D:5      | Found a staircase to the Ecumenical Temple.
  5256 | Temple   | Entered the Ecumenical Temple
  5358 | Temple   | Became a worshipper of Kikubaaqudgha
  5489 | D:5      | Reached skill level 1 in Fighting
  5527 | D:5      | Reached XP level 7. HP: 23/33 MP: 8/21
  6022 | D:5      | Reached skill level 1 in Necromancy
  6027 | D:5      | Noticed a hippogriff
  6061 | D:5      | Found a shattered altar of Ashenzari.
  6115 | D:5      | Reached skill level 5 in Dodging
  6115 | D:5      | Reached skill level 8 in Stealth
  6280 | D:6      | Noticed Sigmund
  6281 | D:6      | Acquired Kikubaaqudgha's first power
  6281 | D:6      | Received a gift from Kikubaaqudgha
  6282 | D:6      | Identified Kikubaaqudgha's Reference Book on Unholy Secrets (Kikubaaqudgha gifted it to you on level 6 of the Dungeon)
  6301 | D:6      | Killed Sigmund
  6301 | D:6      | Reached skill level 5 in Hexes
  6312 | D:6      | Learned a level 1 spell: Animate Skeleton
  6316 | D:6      | Learned a level 3 spell: Vampiric Draining
  6404 | D:6      | Reached XP level 8. HP: 29/38 MP: 17/23
  6477 | D:6      | Reached skill level 5 in Short Blades
  6522 | D:6      | Noticed Eustachio
  6537 | D:6      | Killed Eustachio
  6537 | D:6      | Reached skill level 5 in Spellcasting
  6673 | D:6      | Found a shattered altar of Ashenzari.
  6972 | D:7      | Reached skill level 9 in Stealth
  7291 | D:7      | Found a snail-covered altar of Cheibriados.
  7743 | D:7      | Reached XP level 9. HP: 43/43 MP: 17/25
  7988 | D:7      | Reached skill level 10 in Stealth
  7988 | D:7      | Reached skill level 5 in Evocations
  8164 | D:8      | Killed by an exploding giant spore

Action                   |  1- 3 |  4- 6 |  7- 9 || total
-------------------------+-------+-------+-------++-------
Melee: Dagger            |   143 |   220 |   201 ||   564
 Cast: Confuse           |     7 |    23 |    34 ||    64
Evoke: Wand              |       |     1 |     1 ||     2
  Use: Scroll            |     1 |     5 |    10 ||    16
       Potion            |       |    12 |     3 ||    15
 Stab: Sleeping          |    11 |     8 |    17 ||    36
       Confused          |     1 |     8 |    15 ||    24
       Distracted        |       |     1 |     2 ||     3
  Eat: Pizza             |       |       |     1 ||     1
       Bread ration      |       |       |     2 ||     2
